AoeStats
← 147

Oasis

509705831Analyzed
3v3 RM · 5d ago on Sep 27, 2026· 55m 15s· 6 players
Game mode
Random Map
Map size
Normal (6 player)
Population
200
Speed
Normal
Resources
Standard
Victory
Conquest
Starting age
Dark Age
Ending age
Imperial Age
RankedLock teamsTeams togetherTeam positionsShared explorationLock speedFull tech treeHidden civsTurbo modeCheats
Victory
Defeat
🇩🇪 Bohemians · Germany
1104
+14
🇩🇪 Magyars · Germany
1085
+15
🇩🇪 Saxons · Germany
1010
+18
🇦🇷 Byzantines · Argentina
1187
-20
🇦🇷 Magyars · Argentina
1066
-16
🇦🇷 Britons · Argentina
946
-11
[Knusper] sycane
9:00 Loom
10:45 Feudal Age
15:09 Castle Age
15:24 Double-Bit Axe
15:21 Horse Collar
21:09 Fervor
21:19 Sanctity
22:20 Wheelbarrow
25:17 Heavy Plow
29:53 Imperial Age
27:39 Hand Cart
28:39 Scale Mail Armor
29:28 Bow Saw
30:50 Chemistry
30:51 Chain Mail Armor
31:01 Masonry
31:12 Pikeman
32:29 Conscription
32:43 Squires
33:15 Plate Mail Armor
33:30 Halberdier
34:40 Forging
34:21 Halberdier
36:20 Forging
37:45 Iron Casting
38:48 Two-Man Saw
38:47 Architecture
37:51 Houfnice
40:11 Blast Furnace
40:09 Siege Engineers
40:29 Fletching
40:54 Wagenburg Tactics
41:28 Ballistics
41:22 Fortified Wall
42:30 Bodkin Arrow
42:43 Heavy Scorpion
44:07 Bracer
44:07 Padded Archer Armor
46:32 Caravan
46:46 Guilds
47:13 Leather Archer Armor
48:54 Elite Skirmisher
51:58 Murder Holes
[Knusper] ChamberMC
8:10 Loom
9:56 Feudal Age
15:08 Fletching
16:07 Padded Archer Armor
24:06 Double-Bit Axe
24:03 Horse Collar
27:26 Castle Age
29:29 Bow Saw
37:33 Scale Mail Armor
37:44 Forging
37:50 Leather Archer Armor
37:31 Bodkin Arrow
38:56 Chain Mail Armor
39:17 Iron Casting
39:54 Wheelbarrow
47:02 Imperial Age
44:48 Hand Cart
48:22 Thumb Ring
47:38 Elite Skirmisher
47:50 Heavy Mounted Crossbowman
47:51 Cranequins
48:33 Bracer
49:04 Ring Archer Armor
49:57 Chemistry
49:17 Ballistics
53:55 Elite Varangian Guard
[Knusper] Alex
10:57 Feudal Age
14:06 Loom
16:46 Castle Age
16:01 Horse Collar
16:10 Double-Bit Axe
16:43 Gold Mining
21:17 Heavy Plow
22:25 Town Watch
24:12 Wheelbarrow
25:05 Bow Saw
26:45 Bloodlines
28:15 Hand Cart
29:10 Stone Mining
29:26 Town Patrol
30:48 Scale Barding Armor
34:12 Imperial Age
31:35 Fletching
32:42 Gold Shaft Mining
32:12 Padded Archer Armor
32:32 Chain Barding Armor
33:30 Husbandry
34:55 Cavalier
34:58 Pikeman
36:17 Plate Barding Armor
36:29 Masonry
36:28 Caravan
37:32 Conscription
39:51 Paladin
42:06 Two-Man Saw
43:20 Elite Skirmisher
45:42 Parthian Tactics
46:15 Hoardings
45:48 Recurve Bow
46:36 Leather Archer Armor
46:17 Bodkin Arrow
48:00 Ring Archer Armor
47:53 Light Cavalry
50:20 Fervor
50:31 Sanctity
51:10 Scale Mail Armor
51:11 Bracer
52:04 Hussar
147
10:03 Feudal Age
11:47 Horse Collar
12:31 Bloodlines
13:35 Double-Bit Axe
18:17 Town Watch
22:38 Wheelbarrow
26:04 Castle Age
27:17 Bow Saw
27:10 Heavy Plow
27:10 Stone Mining
27:11 Gold Mining
27:43 Loom
28:43 Hand Cart
28:29 Town Patrol
36:55 Imperial Age
34:27 Corvinian Army
35:16 Ballistics
34:38 Treadmill Crane
35:11 Masonry
35:22 Ballistics
35:48 Husbandry
36:05 Scale Barding Armor
36:56 Gold Shaft Mining
37:09 Fervor
37:15 Fletching
37:48 Chain Barding Armor
38:03 Conscription
37:52 Bodkin Arrow
38:00 Padded Archer Armor
38:05 Recurve Bow
39:20 Thumb Ring
39:43 Parthian Tactics
39:52 Elite Magyar Huszar
42:25 Chemistry
42:29 Heavy Cavalry Archer
45:31 Light Cavalry
47:23 Hussar
53:22 Crop Rotation
53:55 Two-Man Saw
52:31 Capped Ram
52:47 Man-at-Arms
52:50 Pikeman
53:01 Pikeman
54:50 Halberdier
55:06 Halberdier
MochiCochi
5:18 Loom
9:57 Feudal Age
13:18 Double-Bit Axe
18:46 Castle Age
22:28 Crossbowman
27:52 Ballistics
27:43 Husbandry
30:18 Wheelbarrow
30:11 Squires
30:47 Treadmill Crane
31:12 Fletching
32:01 Bow Saw
31:34 Horse Collar
32:31 Forging
33:19 Pikeman
34:15 Gold Mining
39:30 Imperial Age
38:34 Gold Shaft Mining
39:07 Hand Cart
39:36 Scale Mail Armor
39:32 Bodkin Arrow
39:37 Halberdier
39:40 Arbalester
42:49 Two-Man Saw
41:54 Heavy Plow
46:58 Chain Mail Armor
48:46 Plate Mail Armor
53:54 Coinage
53:25 Caravan
SantiSICK7
3:06 Loom
10:23 Feudal Age
10:49 Double-Bit Axe
19:21 Castle Age
19:01 Stone Mining
20:32 Gold Mining
21:18 Stone Shaft Mining
20:58 Husbandry
26:09 Wheelbarrow
28:53 Imperial Age
26:55 Horse Collar
27:52 Heavy Plow
28:34 Gold Shaft Mining
30:47 Crop Rotation
33:52 Scale Barding Armor
34:16 Conscription
34:22 Forging
33:46 Cavalier
36:44 Hand Cart
37:51 Iron Casting
38:25 Chain Barding Armor
38:39 Squires
38:00 Pikeman
39:50 Chemistry
38:16 Light Cavalry
39:14 Halberdier
40:40 Scale Mail Armor
41:34 Ballistics
41:56 Arson
41:33 Elite Varangian Guard
42:50 Hussar
44:21 Thumb Ring
44:21 Padded Archer Armor
44:09 Hussar
47:38 Plate Barding Armor
47:18 Chain Mail Armor
46:53 Elite Skirmisher
49:53 Plate Mail Armor
49:15 Elite Cataphract
50:02 Gambesons
51:08 Caravan
52:08 Murder Holes
Connection lost

Rejoining the realm…

Still unreachable

The connection could not be restored.

Session expired

The server has moved on; the page needs a fresh start.